 Dungeon Crawl Stone Soup version 0.17.0-18-gaab0e96 (console) character file.

2639 gw the Cudgeler (level 9, -1/81 HPs)
             Began as a Deep Dwarf Fighter on Nov 11, 2015.
             Was a Believer of Makhleb.
             Slain by a killer bee (2 damage)
             ... on level 9 of the Dungeon.
             The game lasted 00:10:59 (7411 turns).

gw the Cudgeler (Deep Dwarf Fighter)                Turns: 7411, Time: 00:10:59

Health: -1/81      AC: 14    Str: 19    XL:     9   Next: 35%
Magic:  0/0        EV:  4    Int: 10    God:    Makhleb [**....]
Gold:   282        SH: 10    Dex: 15    Spells: 0 memorised, 8 levels left

rFire  . . .     SeeInvis .     a - +0 flail
rCold  . . .     Clarity  .     k - +0 plate armour
rNeg   . . .     SustAt   .     d - +0 shield (curse)
rPois  .         Gourm    .     (no helmet)
rElec  .         Spirit   .     (no cloak)
rCorr  .         Warding  .     (no gloves)
rMut   .         Stasis   .     h - +0 pair of boots
MR     +....                    (no amulet)
Stlth  ..........               (no ring)
                                (no ring)

@: lethally poisoned (-1 -> -32), non-regenerating, somewhat resistant to
hostile enchantments, extremely unstealthy
A: damage resistance, recharge devices, sense surroundings 2, slow regeneration
3
a: Device Recharging, Minor Destruction, Renounce Religion


You were on level 9 of the Dungeon.
You worshipped Makhleb.
Makhleb was pleased with you.
You were not hungry.

You visited 2 branches of the dungeon, and saw 9 of its levels.

You collected 282 gold pieces.

Inventory:

Hand Weapons
 a - a +0 flail (weapon)
Missiles
 b - 3 tomahawks (quivered)
 g - 160 stones
 i - 40 poisoned needles
Armour
 d - a cursed +0 shield (worn)
 h - a +0 pair of boots (worn)
 j - a +0 large shield
 k - a +0 plate armour (worn)
Wands
 e - a wand of heal wounds (0)
Comestibles
 f - 2 bread rations


   Skills:
 + Level 5.3 Fighting
 * Level 7.2 Maces & Flails
 + Level 4.0 Throwing
 + Level 6.4 Armour
 + Level 6.4 Shields
 + Level 4.8 Invocations


You had 8 spell levels left.
You didn't know any spells.

Dungeon Overview and Level Annotations

Branches:
Dungeon (9/15)             Temple (1/1) D:4
   Lair: D:8-11         Orc: D:9-12

Altars:
Ashenzari
Cheibriados
Dithmenos
Elyvilon
Gozag
Kikubaaqudgha
Makhleb
Nemelex Xobeh
Okawaru
Qazlal
Ru
Sif Muna
Trog
Vehumet
Xom
Yredelemnul
Zin


Innate Abilities, Weirdness & Mutations

You are resistant to damage.
You can recharge devices by infusing magical energy.
You passively map the area around you.
You do not regenerate naturally.


Message History

The killer bee is severely wounded.
You feel very sick. You block the killer bee's attack.
The killer bee stings you. You block the killer bee's attack.
The killer bee stings you.
You are more poisoned.
The killer bee poisons you!
The killer bee stings you but does no damage. x2
The killer bee barely misses you.
The killer bee stings you but does no damage. x2
Unknown command.
Unknown command.
Unknown command.
Unknown command.
ATTACKING (0,1)
You completely miss the killer bee.
The killer bee is severely wounded.
You feel very sick. You block the killer bee's attack. x2
The killer bee stings you.
You die...

* * #########
* * ,
*,,,,.........
, , , ,*
#........ ,
#...=....,* ,
* ,* #........
, , #........
, * ,*
#.y<..... ,*
#gyy..... * *
* ,* #yyS.....
* ,* ,
#yyy...). * ,
, * #rl......
\ #.......(,*
* * ,*
#....>... * ,
#.........* *
* #......... ,
, #.......$.


You could see an iguana, 8 killer bees, an adder and a quokka.

Table legend:
 A = Turns spent in this place as a percentage of turns spent in the entire game.
 B = Non-inter-level travel turns spent in this place as a percentage of non-inter-level travel turns spent in the entire game.
 C = Inter-level travel turns spent in this place as a percentage of turns spent in this place.
 D = Turns resting spent in this place as a percentage of non-inter-level travel turns spent in this place.
 E = Turns spent auto-exploring this place as a percentage of non-inter-level travel turns spent in this place.
 F = Non-inter-level travel turns spent in this place divided by the number of levels of this place that you've seen.
                   A       B       C       D       E      F
               +-------+-------+-------+-------+-------+----------------------
         Total | 100.0 | 100.0 |   0.5 |   0.0 |   1.9 | 1579.8
       Dungeon |  99.6 |  99.6 |   0.5 |   0.0 |   1.9 | 1770.4
        Temple |   0.4 |   0.4 |   1.8 |   0.0 |   1.8 |  55.0
               +-------+-------+-------+-------+-------+----------------------

Table legend:
 A = Kills in this place as a percentage of kills in entire the game.
 B = Kills by you in this place as a percentage of kills by you in the entire game.
 C = Kills by friends in this place as a percentage of kills by friends in the entire game.
 D = Other kills in this place as a percentage of other kills in the entire game.
 E = Experience gained in this place as a percentage of experience gained in the entire game.
 F = Experience gained in this place divided by the number of levels of this place that you have seen.
                   A       B       C       D       E      F
               +-------+-------+-------+-------+-------+----------------------
         Total | 100.0 | 100.0 |  -nan |  -nan | 100.0 | 419.0
       Dungeon | 100.0 | 100.0 |  -nan |  -nan | 100.0 | 471.4
               +-------+-------+-------+-------+-------+----------------------

Vanquished Creatures
  The ghost of gw the Poker, a novice CeGl of Makhleb (D:6)
  The ghost of ces the Shooter, an amateur DsAM (D:5)
  The ghost of gw the Covered, an amateur GrFi of Okawaru (D:3)
  A hippogriff (D:6)
  A black bear (D:7)
  An orc warrior (D:6)
  A centaur (D:5)
  2 ogres
  A phantom (D:7)
  Blork the orc (D:4)
  2 scorpions
  A killer bee (D:9)
  A vampire bat (D:4)
  An electric eel (D:6)
  5 crimson imps
  A jelly (D:7)
  2 centaur skeletons (D:4)
  An iguana (D:6)
  4 orc priests
  A quasit (D:6)
  2 hounds
  Jessica (D:3)
  Natasha (thrice) (D:4)
  8 orc wizards
  3 worker ants
  A hound zombie (D:5)
  A hound skeleton (D:4)
  4 adders
  A shadow imp (D:7)
  2 adder zombies (D:5)
  5 worms
  2 giant geckos
  30 orcs
  2 ball pythons
  6 bats
  A bat skeleton (D:4)
  4 bat zombies (D:4)
  6 hobgoblins
  10 jackals
  12 kobolds
  4 quokkas
  A ball python zombie (D:5)
  8 giant cockroaches
  3 giant newts
  8 goblins
  2 jackal skeletons (D:6)
  A quokka skeleton (D:4)
  5 rats
166 creatures vanquished.

Vanquished Creatures (others)
  A worker ant (D:4)
1 creature vanquished.

Grand Total: 167 creatures vanquished

Notes
Turn   | Place    | Note
--------------------------------------------------------------
     0 | D:1      | gw the Deep Dwarf Fighter began the quest for the Orb.
     0 | D:1      | Reached XP level 1. HP: 20/20 MP: 1/1
   263 | D:1      | Reached XP level 2. HP: 27/27 MP: 2/2
   985 | D:2      | Reached XP level 3. HP: 26/33 MP: 3/3
  1227 | D:2      | Found a sparkling altar of Nemelex Xobeh.
  1803 | D:3      | Reached skill level 1 in Throwing
  1803 | D:3      | Reached skill level 4 in Shields
  1803 | D:3      | Reached XP level 4. HP: 30/42 MP: 4/4
  1889 | D:3      | Noticed gw's ghost (amateur GrFi)
  1903 | D:3      | Killed gw's ghost
  1903 | D:3      | Reached XP level 5. HP: 30/49 MP: 5/5
  1918 | D:3      | Reached XP level 6. HP: 34/56 MP: 6/6
  2163 | D:3      | Noticed Jessica
  2196 | D:3      | Killed Jessica
  2553 | D:3      | Found a deep blue altar of Sif Muna.
  2969 | D:4      | Noticed Natasha
  2973 | D:4      | Killed Natasha
  2990 | D:4      | Noticed Natasha
  3024 | D:4      | Killed Natasha
  3081 | D:4      | Found an ancient bone altar of Kikubaaqudgha.
  3150 | D:4      | Reached XP level 7. HP: 36/63 MP: 7/7
  3187 | D:4      | Noticed Natasha
  3196 | D:4      | Killed Natasha
  3235 | D:4      | Found a shattered altar of Ashenzari.
  3525 | D:4      | Noticed Blork the orc
  3537 | D:4      | Killed Blork the orc
  3705 | D:4      | Reached skill level 5 in Maces & Flails
  3787 | D:4      | Found a staircase to the Ecumenical Temple.
  3796 | Temple   | Entered the Ecumenical Temple
  3804 | Temple   | Became a worshipper of Makhleb the Destroyer
  3976 | D:4      | Reached skill level 5 in Shields
  4465 | D:5      | Entered Level 5 of the Dungeon
  4516 | D:5      | Reached skill level 5 in Armour
  4516 | D:5      | Reached skill level 1 in Invocations
  5108 | D:5      | Reached * piety under Makhleb
  5111 | D:5      | Reached XP level 8. HP: 50/73 MP: 7/7
  5236 | D:5      | Noticed ces's ghost (amateur DsAM)
  5279 | D:5      | Killed ces's ghost
  5279 | D:5      | Reached skill level 6 in Maces & Flails
  5718 | D:5      | Found a bloodstained altar of Trog.
  5980 | D:6      | Noticed gw's ghost (novice CeGl)
  5991 | D:6      | Killed gw's ghost
  5991 | D:6      | Reached skill level 5 in Fighting
  6260 | D:6      | Reached ** piety under Makhleb
  6274 | D:6      | Gained mutation: You passively map the area around you. [Deep Dwarf growth]
  6274 | D:6      | Reached XP level 9. HP: 48/81 MP: 9/9
  6851 | D:6      | Reached skill level 7 in Maces & Flails
  7268 | D:7      | You fall through a shaft for 2 floors!
  7411 | D:9      | HP: 1/81 [poisoned by a killer bee]
  7411 | D:9      | Slain by a killer bee

Action                   |  1- 3 |  4- 6 |  7- 9 || total
-------------------------+-------+-------+-------++-------
Melee: Flail             |   163 |   140 |   514 ||   817
Throw: Stone             |   121 |    47 |   176 ||   344
       Tomahawk          |       |       |    44 ||    44
Invok: Minor Destruction |       |       |     7 ||     7
 Abil: Device Recharging |       |       |    12 ||    12
Evoke: Wand              |     1 |     1 |    49 ||    51
  Use: Potion            |       |     1 |       ||     1
  Eat: Chunk             |     3 |     3 |    14 ||    20
       Bread ration      |       |       |     1 ||     1

Vault maps used:
D:1:      sevenhm_arrival_forest_fort_small_3
D:2:      nemelex_spade_bored_becter
D:3:      nicolae_overflow_hidden_temple, kennysheep_jessica_study
D:4:      nicolae_ashenzari_panopticon, kennysheep_vampire_church,
          lemuel_temple_firewalk_marked, minmay_bisected, uniq_natasha,
          uniq_blork_the_orc
D:5:      lightli_temple_of_fire, first_bread
D:6:      minmay_misc_feat_plants, grunt_ministairs_3, minivault_4
D:9:      serial_shops, shop, nicolae_shop_statue_plus
Temple:   nicolae_temple_no_exploring_needed
